Login

Washington Capitals vs Carolina Hurricanes

Created - 08 May 2024 at 23:08

Goals
1 2 3 T
Washington Capitals 0 2 0 2
Carolina Hurricanes 0 3 0 3
Shots
1 2 3 T
Washington Capitals 12 14 10 36
Carolina Hurricanes 12 11 10 33

GoalsPenalties
1st period
No Goal
Eeli Tolvanen (CAR) for Hooking (Minor) at 4:55
Joel Edmundson (WSH) for Delaying the game (Minor) at 14:41
2nd period
1. Washington Capitals , Alex Ovechkin 23 (Evgeny Kuznetsov 17, John Carlson 10) at 1:18
2. Carolina Hurricanes , Sebastian C Aho 14 (Alex Tuch 15, Andrei Svechnikov 8) at 2:23
3. Carolina Hurricanes , Sebastian C Aho 15 (Alex Tuch 16, Kevin Shattenkirk 4) at 13:24 (PP)
4. Carolina Hurricanes , Alex Tuch 16 (Brent Burns 15, Teuvo Teravainen 9) at 15:59
5. Washington Capitals , Derek Grant 2 (Sonny Milano 3, Rasmus Sandin 5) at 19:53
Alex Ovechkin (WSH) for Interference (Minor) at 2:26
Teuvo Teravainen (CAR) for Roughing (Minor) at 8:41
T.J. Oshie (WSH) for Holding (Minor) at 12:35
3rd period
No Goal
David Krejci (CAR) for Tripping (Minor) at 1:50
Goalie Stats
Darcy Kuemper (WSH), 30 saves from 33 shots - (0.909), L, 10-8-1, 59:00 minutes
Antti Raanta (CAR), 34 saves from 36 shots - (0.944), W, 1-1-0, 60:00 minutes
3 StarsOfficial
1 - Sebastian C Aho (CAR)
2 - Alex Tuch (CAR)
3 - Antti Raanta (CAR)
Referees : Chris Rooney and Brandon Blandina
Linesman : Brian Mach and Steven Berry
Game Note
No Game Note
Finance
Level 1 -- Attendance: 5367 (89.45%) -- Ticket Income $536,700
Level 2 -- Attendance: 4327 (86.54%) -- Ticket Income $259,620
Level 3 -- Attendance: 1616 (80.80%) -- Ticket Income $56,560
Level 4 -- Attendance: 3245 (81.13%) -- Ticket Income $81,125
Luxury Box -- Attendance: 944 (94.40%) -- Ticket Income $188,800
Game was played at the PNC Arena.
Total Attendance: 15499 (86.11%)
Total Ticket Income: $1,122,805
Other Income: $550,174
Total Income: $1,672,979



Team Name Goals Shots Shots Attemp Shots Blocked PIM HIT PP PK FO%
Washington Capitals 23665146230 / 3 (0%)144%
Carolina Hurricanes 3336876261 / 3 (33%)056%

Washington Capitals
Player Name POS G A P +/- PIM HIT SHT SB MP PP MP PP SHT PK MP PK SHT FO% FOT GA TA
Alex OvechkinLW101-1235019:493:1310:0000% 120
Anthony ManthaLW0000032011:230:0800:3000% 000
Derek GrantC1011011010:080:0002:49086% 700
Dylan StromeC0000025119:013:0810:00055% 1130
Evgenii DadonovLW0000003115:150:0000:4100% 000
Evgeny KuznetsovC011-1022117:502:4100:00036% 2500
Joel EdmundsonD0001220114:460:0000:4300% 001
John CarlsonD0111010224:113:2800:4700% 011
Marc StaalD000-2000116:290:0003:1700% 000
Nic DowdRW0001000010:300:0302:4900% 000
Nick JensenD0001012224:442:2901:3000% 000
Nicklas BackstromC0000021012:040:0001:28029% 710
Olli MaattaD000-2010121:092:2903:1700% 001
Rasmus SandinD0111025118:423:2800:0000% 000
Sonny MilanoLW011101119:592:4100:0000% 020
T.J. OshieRW0000203117:152:4100:0000% 000
Tom WilsonRW0000013112:150:0301:1700% 000
Vladimir TarasenkoRW000-1013019:403:1300:0000% 111
Carolina Hurricanes
Player Name POS G A P +/- PIM HIT SHT SB MP PP MP PP SHT PK MP PK SHT FO% FOT GA TA
Alex TuchRW1232015022:563:1623:150100% 100
Andrei SvechnikovLW0112023016:581:3100:0000% 011
Brady SkjeiD0000012021:512:0602:1400% 000
Brent BurnsD0110043024:442:4113:4300% 013
David KrejciC000-2210018:591:3102:16056% 1810
Dmitry OrlovD0001041021:342:4103:4300% 001
Eeli TolvanenRW0000212010:000:0000:0000% 000
Jesperi KotkaniemiC0000011210:360:0000:15067% 301
Jordan MartinookLW000001119:120:0001:1900% 000
Jordan StaalC000000007:330:0000:000100% 100
Kevin ShattenkirkD011-1011218:552:0600:0000% 001
Martin NecasRW000-2012016:281:3100:00033% 310
Scott HarringtonD000-1001016:130:0000:0000% 000
Sebastian C AhoC2022037021:473:1612:02055% 2201
Seth JarvisLW0000010011:130:0001:1200% 000
Stefan NoesenRW000000309:080:0001:35050% 200
Teuvo TeravainenLW011-2210219:103:1600:00050% 202
Will BorgenD0001031016:430:0002:1400% 000

Washington Capitals

5 vs 5 Forward
Line #Left WingCenterRight WingPHYDFOFWanted %Time %Time Play
1Alex OvechkinEvgeny KuznetsovVladimir Tarasenko1133832%15:34
2Evgenii DadonovDylan StromeT.J. Oshie1223031%14:45
3Anthony ManthaNicklas BackstromTom Wilson1222222%10:26
4Sonny MilanoDerek GrantNic Dowd2211015%7:17
5 vs 5 Defense
Line #DefenseDefensePHYDFOFWanted %Time %Time Play
1John CarlsonNick Jensen2213640%19:18
2Joel EdmundsonRasmus Sandin2213333%16:01
3Olli MaattaMarc Staal2212020%9:38
4Olli MaattaMarc Staal221116%3:05
Power Play Forward
Line #Left WingCenterRight WingPHYDFOFWanted %Time %Time Play
1Alex OvechkinDylan StromeVladimir Tarasenko1226055%3:16
2Sonny MilanoEvgeny KuznetsovT.J. Oshie1224045%2:41
Power Play Defense
Line #DefenseDefensePHYDFOFWanted %Time %Time Play
1John CarlsonRasmus Sandin1226058%3:28
2Olli MaattaNick Jensen1224042%2:29
Penalty Kill 4 Players Forward
Line #CenterWingPHYDFOFWanted %Time %Time Play
1Derek GrantNic Dowd1226073%3:30
2Nicklas BackstromTom Wilson1224027%1:17
Penalty Kill 4 Players Defense
Line #DefenseDefensePHYDFOFWanted %Time %Time Play
1Marc StaalOlli Maatta1226069%3:17
2Joel EdmundsonNick Jensen1224031%1:30
Penalty Kill 3 Players
Line #WingPHYDFOFWanted %Time %Time PlayDefenseDefensePHYDFOFWanted %Time %Time Play
1Derek Grant122600%0:00 Marc StaalOlli Maatta122600%0:00
2Nicklas Backstrom122400%0:00 Joel EdmundsonNick Jensen122400%0:00
4 vs 4 Forward
Line #CenterWingPHYDFOFWanted %Time %Time Play
1Dylan StromeAlex Ovechkin122600%0:00
2Evgeny KuznetsovVladimir Tarasenko122400%0:00
4 vs 4 Defense
Line #DefensePHYDFOFWanted %Time %Time Play
1John CarlsonRasmus Sandin122600%0:00
2Joel EdmundsonMarc Staal122400%0:00
Last Minutes Offensive
Left WingCenterRight WingDefenseDefense
Alex OvechkinDylan StromeVladimir TarasenkoJohn CarlsonRasmus Sandin
Last Minutes Defensive
Left WingCenterRight WingDefenseDefense
Alex OvechkinDylan StromeT.J. OshieJoel EdmundsonNick Jensen
Time
Total ForwardTotal DefenseLast Minutes OffensiveLast Minutes Defensive
60:00 60:00 1:140:00
Extra Forwards
Normal PowerPlayPenalty Kill
Nicklas Backstrom, Derek Grant, Anthony ManthaAnthony Mantha, Nic DowdAnthony Mantha
Extra Defensemen
Normal PowerPlayPenalty Kill
Olli Maatta, Marc Staal, Joel EdmundsonNick Jensen, Marc StaalJoel Edmundson
Penalty Shots
Evgeny Kuznetsov, Vladimir Tarasenko, T.J. Oshie, Nicklas Backstrom, Alex Ovechkin
Goalie
Darcy Kuemper, Charlie Lindgren
Custom OT Lines Forwards
Alex Ovechkin, Dylan Strome, Evgeny Kuznetsov, Vladimir Tarasenko, T.J. Oshie, Nicklas Backstrom, Sonny Milano, Tom Wilson, Evgenii Dadonov, Anthony Mantha
Custom OT Lines Defensemen
John Carlson, Rasmus Sandin, Nick Jensen, Joel Edmundson, Marc Staal
Scratches
Alexander Alexeyev (Healthy), Martin Fehervary (Healthy), Aliaksei Protas (Healthy)

Carolina Hurricanes

5 vs 5 Forward
Line #Left WingCenterRight WingPHYDFOFWanted %Time %Time Play
1Andrei SvechnikovSebastian C AhoAlex Tuch1223533%15:56
2Teuvo TeravainenDavid KrejciMartin Necas1133530%14:33
3Seth JarvisJesperi KotkaniemiEeli Tolvanen1222021%10:01
4Jordan MartinookJordan StaalStefan Noesen2301016%7:33
5 vs 5 Defense
Line #DefenseDefensePHYDFOFWanted %Time %Time Play
1Brent BurnsBrady Skjei1223536%17:07
2Scott HarringtonKevin Shattenkirk1403535%16:47
3Dmitry OrlovWill Borgen2303029%14:09
4Will BorgenBrent Burns12200%0:00
Power Play Forward
Line #Left WingCenterRight WingPHYDFOFWanted %Time %Time Play
1Teuvo TeravainenSebastian C AhoAlex Tuch1226068%3:16
2Andrei SvechnikovDavid KrejciMartin Necas1224032%1:31
Power Play Defense
Line #DefenseDefensePHYDFOFWanted %Time %Time Play
1Brent BurnsDmitry Orlov1226056%2:41
2Brady SkjeiKevin Shattenkirk1224044%2:06
Penalty Kill 4 Players Forward
Line #CenterWingPHYDFOFWanted %Time %Time Play
1David KrejciAlex Tuch1226081%4:50
2Sebastian C AhoJordan Martinook1224019%1:07
Penalty Kill 4 Players Defense
Line #DefenseDefensePHYDFOFWanted %Time %Time Play
1Brent BurnsDmitry Orlov1226062%3:43
2Brady SkjeiWill Borgen1224038%2:14
Penalty Kill 3 Players
Line #WingPHYDFOFWanted %Time %Time PlayDefenseDefensePHYDFOFWanted %Time %Time Play
1David Krejci122600%0:00 Brent BurnsDmitry Orlov122600%0:00
2Sebastian C Aho122400%0:00 Brady SkjeiWill Borgen122400%0:00
4 vs 4 Forward
Line #CenterWingPHYDFOFWanted %Time %Time Play
1David KrejciMartin Necas122600%0:00
2Sebastian C AhoAndrei Svechnikov122400%0:00
4 vs 4 Defense
Line #DefensePHYDFOFWanted %Time %Time Play
1Brent BurnsDmitry Orlov122600%0:00
2Brady SkjeiWill Borgen122400%0:00
Last Minutes Offensive
Left WingCenterRight WingDefenseDefense
Teuvo TeravainenSebastian C AhoAlex TuchBrent BurnsDmitry Orlov
Last Minutes Defensive
Left WingCenterRight WingDefenseDefense
Teuvo TeravainenSebastian C AhoAlex TuchBrent BurnsDmitry Orlov
Time
Total ForwardTotal DefenseLast Minutes OffensiveLast Minutes Defensive
60:00 60:00 0:001:13
Extra Forwards
Normal PowerPlayPenalty Kill
Martin Necas, Seth Jarvis, Stefan NoesenEeli Tolvanen, Jordan StaalStefan Noesen
Extra Defensemen
Normal PowerPlayPenalty Kill
Will Borgen, Kevin Shattenkirk, Brent BurnsBrady Skjei, Will BorgenDmitry Orlov
Penalty Shots
Alex Tuch, Sebastian C Aho, Martin Necas, Andrei Svechnikov, Eeli Tolvanen
Goalie
Antti Raanta, Frederik Andersen
Custom OT Lines Forwards
Alex Tuch, Sebastian C Aho, Stefan Noesen, Andrei Svechnikov, Martin Necas, Teuvo Teravainen, Jesperi Kotkaniemi, Seth Jarvis, Jordan Staal, Jordan Martinook
Custom OT Lines Defensemen
Brent Burns, Dmitry Orlov, Brady Skjei, Kevin Shattenkirk, Will Borgen
Scratches
Mason Lohrei (Bruised Right Leg Injury), Brett Pesce (Back Spasms Injury), Pyotr Kochetkov (Healthy)


Play-by-Play

1st period


0:01 of 1st period - Evgeny Kuznetsov wins face-off versus Sebastian C Aho in neutral zone.
0:26 of 1st period - David Krejci is hit by Nick Jensen and loses puck.
0:35 of 1st period - Snap shot by Dylan Strome.
0:35 of 1st period - Stopped by Antti Raanta with a rebound.
0:37 of 1st period - Snap shot by T.J. Oshie.
0:37 of 1st period - Stopped by Antti Raanta without a rebound.
0:38 of 1st period - Nicklas Backstrom wins face-off versus Jesperi Kotkaniemi in Carolina Hurricanes zone.
0:47 of 1st period - Snap shot by Nicklas Backstrom.
0:47 of 1st period - Shot Misses the Net.
1:53 of 1st period - Wrist shot by Alex Ovechkin.
1:53 of 1st period - Shot Misses the Net.
1:55 of 1st period - Snap shot by Vladimir Tarasenko.
1:55 of 1st period - Stopped by Antti Raanta with a rebound.
1:57 of 1st period - Slapshot by Nick Jensen.
1:57 of 1st period - Deflect By Martin Necas.
1:57 of 1st period - Stopped by Antti Raanta with a rebound.
1:59 of 1st period - Slapshot by Nick Jensen.
1:59 of 1st period - Shot Misses the Net.
2:01 of 1st period - Snap shot by Evgeny Kuznetsov.
2:01 of 1st period - Shot Blocked by Teuvo Teravainen.
2:13 of 1st period - Slapshot by Alex Tuch.
2:13 of 1st period - Shot Misses the Net.
2:23 of 1st period - Snap shot by Sebastian C Aho.
2:23 of 1st period - Stopped by Darcy Kuemper with a rebound.
2:25 of 1st period - Backhand shot by Sebastian C Aho.
2:25 of 1st period - Shot Blocked by John Carlson.
3:48 of 1st period - Wrist shot by Eeli Tolvanen.
3:48 of 1st period - Stopped by Darcy Kuemper without a rebound.
3:49 of 1st period - Sebastian C Aho wins face-off versus Nicklas Backstrom in Washington Capitals zone.
3:54 of 1st period - Snap shot by Alex Tuch.
3:54 of 1st period - Shot Misses the Net.
3:56 of 1st period - Wrist shot by Andrei Svechnikov.
3:56 of 1st period - Stopped by Darcy Kuemper with a rebound.
3:58 of 1st period - Snap shot by Alex Tuch.
3:58 of 1st period - Deflect By Andrei Svechnikov.
3:58 of 1st period - Shot Misses the Net.
3:58 of 1st period - Puck is out of play.
3:59 of 1st period - Sebastian C Aho wins face-off versus Evgeny Kuznetsov in Washington Capitals zone.
4:04 of 1st period - Slapshot by Sebastian C Aho.
4:04 of 1st period - Stopped by Darcy Kuemper without a rebound.
4:05 of 1st period - David Krejci wins face-off versus Evgeny Kuznetsov in Washington Capitals zone.
4:55 of 1st period - Minor Penalty to Eeli Tolvanen for Hooking.
4:56 of 1st period - Dylan Strome wins face-off versus David Krejci in Carolina Hurricanes zone.
5:06 of 1st period - Slapshot by Dylan Strome.
5:06 of 1st period - Stopped by Antti Raanta without a rebound.
5:07 of 1st period - Alex Tuch wins face-off versus Dylan Strome in Carolina Hurricanes zone.
5:34 of 1st period - David Krejci is hit by Sonny Milano and loses puck.
6:55 of 1st period - Penalty to Eeli Tolvanen is over, Eeli Tolvanen is back on ice.
7:01 of 1st period - Brent Burns is hit by Nicklas Backstrom and loses puck.
8:34 of 1st period - Marc Staal is hit by David Krejci and loses puck.
8:59 of 1st period - Nic Dowd is hit by Brent Burns and loses puck.
9:17 of 1st period - John Carlson is hit by Will Borgen and loses puck.
9:25 of 1st period - Icing by Nic Dowd.
9:26 of 1st period - Derek Grant wins face-off versus Sebastian C Aho in Washington Capitals zone.
9:33 of 1st period - Slapshot by Andrei Svechnikov.
9:33 of 1st period - Stopped by Darcy Kuemper without a rebound.
9:34 of 1st period - Sebastian C Aho wins face-off versus Evgeny Kuznetsov in Washington Capitals zone.
9:35 of 1st period - Snap shot by Alex Tuch.
9:35 of 1st period - Shot Misses the Net.
9:37 of 1st period - Slapshot by Will Borgen.
9:37 of 1st period - Stopped by Darcy Kuemper with a rebound.
9:53 of 1st period - Slapshot by Sebastian C Aho.
9:53 of 1st period - Stopped by Darcy Kuemper with a rebound.
9:55 of 1st period - Snap shot by Alex Tuch.
9:55 of 1st period - Stopped by Darcy Kuemper with a rebound.
10:13 of 1st period - Wrist shot by Sebastian C Aho.
10:13 of 1st period - Shot Misses the Net.
10:15 of 1st period - Slapshot by Andrei Svechnikov.
10:15 of 1st period - Deflect By Alex Tuch.
10:15 of 1st period - Shot Blocked by Nick Jensen.
10:15 of 1st period - Puck is out of play.
10:16 of 1st period - Martin Necas wins face-off versus Dylan Strome in Washington Capitals zone.
10:51 of 1st period - Slapshot by Nicklas Backstrom.
10:51 of 1st period - Shot Misses the Net.
11:12 of 1st period - Slapshot by Brady Skjei.
11:12 of 1st period - Stopped by Darcy Kuemper without a rebound.
11:13 of 1st period - Jordan Staal wins face-off versus Alex Ovechkin in Washington Capitals zone.
12:03 of 1st period - Snap shot by Seth Jarvis.
12:03 of 1st period - Shot Blocked by T.J. Oshie.
13:15 of 1st period - Jordan Staal is hit by Anthony Mantha.
13:33 of 1st period - Snap shot by Rasmus Sandin.
13:33 of 1st period - Stopped by Antti Raanta without a rebound.
13:34 of 1st period - Evgeny Kuznetsov wins face-off versus David Krejci in Carolina Hurricanes zone.
13:43 of 1st period - Wrist shot by Evgeny Kuznetsov.
13:43 of 1st period - Stopped by Antti Raanta with a rebound.
13:45 of 1st period - Slapshot by Vladimir Tarasenko.
13:45 of 1st period - Stopped by Antti Raanta with a rebound.
13:47 of 1st period - Wrist shot by Evgeny Kuznetsov.
13:47 of 1st period - Shot Misses the Net.
13:49 of 1st period - Snap shot by Evgeny Kuznetsov.
13:49 of 1st period - Stopped by Antti Raanta with a rebound.
13:51 of 1st period - Snap shot by Rasmus Sandin.
13:51 of 1st period - Stopped by Antti Raanta with a rebound.
14:01 of 1st period - Joel Edmundson is hit by Andrei Svechnikov and loses puck.
14:28 of 1st period - Joel Edmundson is hit by Jesperi Kotkaniemi and loses puck.
14:33 of 1st period - Wrist shot by Jesperi Kotkaniemi.
14:33 of 1st period - Shot Misses the Net.
14:35 of 1st period - Snap shot by Jesperi Kotkaniemi.
14:35 of 1st period - Stopped by Darcy Kuemper with a rebound.
14:41 of 1st period - Minor Penalty to Joel Edmundson for Delaying the game.
14:42 of 1st period - Sebastian C Aho wins face-off versus Derek Grant in Washington Capitals zone.
15:14 of 1st period - Olli Maatta is hit by Dmitry Orlov and loses puck.
16:41 of 1st period - Penalty to Joel Edmundson is over, Joel Edmundson is back on ice.
16:52 of 1st period - Snap shot by Evgeny Kuznetsov.
16:52 of 1st period - Deflect By Alex Ovechkin.
16:52 of 1st period - Stopped by Antti Raanta with a rebound.
16:54 of 1st period - Snap shot by Vladimir Tarasenko.
16:54 of 1st period - Stopped by Antti Raanta without a rebound.
16:55 of 1st period - Jesperi Kotkaniemi wins face-off versus Evgeny Kuznetsov in Carolina Hurricanes zone.
17:00 of 1st period - Wrist shot by Eeli Tolvanen.
17:00 of 1st period - Stopped by Darcy Kuemper with a rebound.
18:01 of 1st period - Snap shot by Alex Tuch.
18:01 of 1st period - Shot Misses the Net.
18:42 of 1st period - Jordan Staal is hit by Dylan Strome and loses puck.
19:15 of 1st period - Snap shot by Martin Necas.
19:15 of 1st period - Stopped by Darcy Kuemper without a rebound.
19:16 of 1st period - Evgeny Kuznetsov wins face-off versus Sebastian C Aho in Washington Capitals zone.
19:48 of 1st period - Marc Staal is hit by Brent Burns and loses puck.
Goals for this period are 0 for Washington Capitals vs 0 for Carolina Hurricanes.
Shots for this period are 12 for Washington Capitals vs 12 for Carolina Hurricanes.

2nd period


0:01 of 2nd period - David Krejci wins face-off versus Evgeny Kuznetsov in neutral zone.
0:38 of 2nd period - Slapshot by Dylan Strome.
0:38 of 2nd period - Stopped by Antti Raanta with a rebound.
1:18 of 2nd period - Wrist shot by Alex Ovechkin.
1:18 of 2nd period - Goal by Alex Ovechkin - Washington Capitals : 1 - Carolina Hurricanes : 0.
1:19 of 2nd period - Teuvo Teravainen wins face-off versus Evgeny Kuznetsov in neutral zone.
1:50 of 2nd period - Wrist shot by Tom Wilson.
1:50 of 2nd period - Stopped by Antti Raanta without a rebound.
1:51 of 2nd period - Sebastian C Aho wins face-off versus Nicklas Backstrom in Carolina Hurricanes zone.
2:02 of 2nd period - Snap shot by Sebastian C Aho.
2:02 of 2nd period - Stopped by Darcy Kuemper with a rebound.
2:04 of 2nd period - Snap shot by Brady Skjei.
2:04 of 2nd period - Deflect By Nicklas Backstrom.
2:04 of 2nd period - Stopped by Darcy Kuemper without a rebound.
2:05 of 2nd period - David Krejci wins face-off versus Evgeny Kuznetsov in Washington Capitals zone.
2:08 of 2nd period - Wrist shot by David Krejci.
2:08 of 2nd period - Shot Misses the Net.
2:15 of 2nd period - Off-side.
2:16 of 2nd period - Sebastian C Aho wins face-off versus Evgeny Kuznetsov in neutral zone.
2:16 of 2nd period - Alex Tuch is hit by Vladimir Tarasenko and loses puck.
2:21 of 2nd period - Wrist shot by Alex Tuch.
2:21 of 2nd period - Shot Blocked by Evgeny Kuznetsov.
2:23 of 2nd period - Slapshot by Sebastian C Aho.
2:23 of 2nd period - Goal by Sebastian C Aho - Washington Capitals : 1 - Carolina Hurricanes : 1.
2:24 of 2nd period - Evgeny Kuznetsov wins face-off versus David Krejci in neutral zone.
2:26 of 2nd period - Minor Penalty to Alex Ovechkin for Interference.
2:27 of 2nd period - Derek Grant wins face-off versus Sebastian C Aho in Washington Capitals zone.
2:27 of 2nd period - Derek Grant is hit by Dmitry Orlov.
2:36 of 2nd period - Olli Maatta is hit by Brent Burns and loses puck.
2:41 of 2nd period - Snap shot by Alex Tuch.
2:41 of 2nd period - Stopped by Darcy Kuemper without a rebound.
2:42 of 2nd period - Derek Grant wins face-off versus Sebastian C Aho in Washington Capitals zone.
2:57 of 2nd period - Slapshot by Brent Burns.
2:57 of 2nd period - Deflect By Nic Dowd.
2:57 of 2nd period - Stopped by Darcy Kuemper with a rebound.
2:59 of 2nd period - Snap shot by Alex Tuch.
2:59 of 2nd period - Stopped by Darcy Kuemper without a rebound.
3:00 of 2nd period - Derek Grant wins face-off versus Martin Necas in Washington Capitals zone.
3:00 of 2nd period - Derek Grant is hit by Dmitry Orlov.
4:13 of 2nd period - Nick Jensen is hit by Sebastian C Aho and loses puck.
4:26 of 2nd period - Penalty to Alex Ovechkin is over, Alex Ovechkin is back on ice.
4:43 of 2nd period - Wrist shot by T.J. Oshie.
4:43 of 2nd period - Stopped by Antti Raanta with a rebound.
4:45 of 2nd period - Snap shot by Dylan Strome.
4:45 of 2nd period - Shot Blocked by Kevin Shattenkirk.
5:03 of 2nd period - Jordan Martinook is hit by Evgeny Kuznetsov and loses puck.
5:10 of 2nd period - Snap shot by Evgeny Kuznetsov.
5:10 of 2nd period - Shot Misses the Net.
5:26 of 2nd period - Martin Necas is hit by Anthony Mantha and loses puck.
5:47 of 2nd period - Dylan Strome is hit by Andrei Svechnikov and loses puck.
6:58 of 2nd period - David Krejci is hit by Tom Wilson.
7:01 of 2nd period - Off-side.
7:02 of 2nd period - Nicklas Backstrom wins face-off versus David Krejci in neutral zone.
7:07 of 2nd period - Snap shot by Anthony Mantha.
7:07 of 2nd period - Stopped by Antti Raanta with a rebound.
7:09 of 2nd period - Slapshot by Marc Staal.
7:09 of 2nd period - Shot Blocked by Kevin Shattenkirk.
7:11 of 2nd period - Slapshot by Tom Wilson.
7:11 of 2nd period - Stopped by Antti Raanta with a rebound.
7:13 of 2nd period - Snap shot by Anthony Mantha.
7:13 of 2nd period - Shot Misses the Net.
7:15 of 2nd period - Slapshot by Marc Staal.
7:15 of 2nd period - Shot Hit the Post.
7:17 of 2nd period - Wrist shot by Tom Wilson.
7:17 of 2nd period - Stopped by Antti Raanta without a rebound.
7:18 of 2nd period - Sebastian C Aho wins face-off versus Evgeny Kuznetsov in Carolina Hurricanes zone.
7:54 of 2nd period - Snap shot by Martin Necas.
7:54 of 2nd period - Shot Misses the Net.
7:56 of 2nd period - Slapshot by Brent Burns.
7:56 of 2nd period - Stopped by Darcy Kuemper without a rebound.
7:57 of 2nd period - Sebastian C Aho wins face-off versus Evgeny Kuznetsov in Washington Capitals zone.
8:12 of 2nd period - Snap shot by Alex Ovechkin.
8:12 of 2nd period - Stopped by Antti Raanta with a rebound.
8:14 of 2nd period - Snap shot by Vladimir Tarasenko.
8:14 of 2nd period - Shot Misses the Net.
8:41 of 2nd period - Minor Penalty to Teuvo Teravainen for Roughing.
8:42 of 2nd period - Dylan Strome wins face-off versus David Krejci in Carolina Hurricanes zone.
9:31 of 2nd period - Slapshot by Evgeny Kuznetsov.
9:31 of 2nd period - Shot Hit the Post.
9:33 of 2nd period - Snap shot by T.J. Oshie.
9:33 of 2nd period - Shot Blocked by Jordan Martinook.
10:41 of 2nd period - Penalty to Teuvo Teravainen is over, Teuvo Teravainen is back on ice.
10:54 of 2nd period - Slapshot by David Krejci.
10:54 of 2nd period - Shot Blocked by Tom Wilson.
11:23 of 2nd period - Kevin Shattenkirk is hit by Joel Edmundson.
12:35 of 2nd period - Minor Penalty to T.J. Oshie for Holding.
12:36 of 2nd period - Derek Grant wins face-off versus Sebastian C Aho in Washington Capitals zone.
12:56 of 2nd period - Olli Maatta is hit by Sebastian C Aho and loses puck.
13:09 of 2nd period - Marc Staal is hit by Brady Skjei and loses puck.
13:24 of 2nd period - Wrist shot by Sebastian C Aho.
13:24 of 2nd period - Goal by Sebastian C Aho - Washington Capitals : 1 - Carolina Hurricanes : 2.
13:25 of 2nd period - Jesperi Kotkaniemi wins face-off versus Evgeny Kuznetsov in neutral zone.
13:58 of 2nd period - Snap shot by T.J. Oshie.
13:58 of 2nd period - Stopped by Antti Raanta with a rebound.
14:00 of 2nd period - Slapshot by Nick Jensen.
14:00 of 2nd period - Stopped by Antti Raanta without a rebound.
14:01 of 2nd period - Dylan Strome wins face-off versus Sebastian C Aho in Carolina Hurricanes zone.
14:14 of 2nd period - Wrist shot by T.J. Oshie.
14:14 of 2nd period - Shot Misses the Net.
14:55 of 2nd period - Snap shot by Nicklas Backstrom.
14:55 of 2nd period - Shot Blocked by Jesperi Kotkaniemi.
14:57 of 2nd period - Wrist shot by Tom Wilson.
14:57 of 2nd period - Shot Misses the Net.
14:59 of 2nd period - Slapshot by John Carlson.
14:59 of 2nd period - Shot Blocked by Jesperi Kotkaniemi.
15:01 of 2nd period - Snap shot by Anthony Mantha.
15:01 of 2nd period - Stopped by Antti Raanta with a rebound.
15:13 of 2nd period - Snap shot by Seth Jarvis.
15:13 of 2nd period - Shot Blocked by Sonny Milano.
15:26 of 2nd period - Brent Burns is hit by Derek Grant and loses puck.
15:47 of 2nd period - Slapshot by Evgenii Dadonov.
15:47 of 2nd period - Stopped by Antti Raanta with a rebound.
15:57 of 2nd period - Slapshot by Brent Burns.
15:57 of 2nd period - Shot Blocked by Marc Staal.
15:59 of 2nd period - Snap shot by Alex Tuch.
15:59 of 2nd period - Goal by Alex Tuch - Washington Capitals : 1 - Carolina Hurricanes : 3.
16:00 of 2nd period - Evgeny Kuznetsov wins face-off versus David Krejci in neutral zone.
16:27 of 2nd period - Nick Jensen is hit by Will Borgen and loses puck.
16:56 of 2nd period - Wrist shot by Jordan Martinook.
16:56 of 2nd period - Stopped by Darcy Kuemper with a rebound.
16:58 of 2nd period - Snap shot by Stefan Noesen.
16:58 of 2nd period - Stopped by Darcy Kuemper without a rebound.
16:59 of 2nd period - David Krejci wins face-off versus Evgeny Kuznetsov in Washington Capitals zone.
17:26 of 2nd period - Andrei Svechnikov is hit by Rasmus Sandin and loses puck.
18:12 of 2nd period - Snap shot by Jordan Staal.
18:12 of 2nd period - Shot Blocked by Dylan Strome.
18:57 of 2nd period - Wrist shot by Sebastian C Aho.
18:57 of 2nd period - Shot Blocked by Joel Edmundson.
18:59 of 2nd period - Slapshot by Kevin Shattenkirk.
18:59 of 2nd period - Shot Misses the Net.
19:09 of 2nd period - Tom Wilson is hit by Alex Tuch and loses puck.
19:25 of 2nd period - Snap shot by Evgenii Dadonov.
19:25 of 2nd period - Shot Misses the Net.
19:47 of 2nd period - Backhand shot by Rasmus Sandin.
19:47 of 2nd period - Shot Misses the Net.
19:49 of 2nd period - Snap shot by Sonny Milano.
19:49 of 2nd period - Deflect By Teuvo Teravainen.
19:49 of 2nd period - Stopped by Antti Raanta with a rebound.
19:51 of 2nd period - Wrist shot by Sonny Milano.
19:51 of 2nd period - Shot Blocked by Teuvo Teravainen.
19:53 of 2nd period - Wrist shot by Derek Grant.
19:53 of 2nd period - Goal by Derek Grant - Washington Capitals : 2 - Carolina Hurricanes : 3.
19:54 of 2nd period - Evgeny Kuznetsov wins face-off versus Sebastian C Aho in neutral zone.
19:57 of 2nd period - Scott Harrington is hit by Evgeny Kuznetsov and loses puck.
Goals for this period are 2 for Washington Capitals vs 3 for Carolina Hurricanes.
Shots for this period are 14 for Washington Capitals vs 11 for Carolina Hurricanes.

3rd period


0:01 of 3rd period - Sebastian C Aho wins face-off versus Evgeny Kuznetsov in neutral zone.
0:06 of 3rd period - Snap shot by Alex Tuch.
0:06 of 3rd period - Shot Misses the Net.
0:08 of 3rd period - Slapshot by Alex Tuch.
0:08 of 3rd period - Shot Misses the Net.
0:10 of 3rd period - Slapshot by Alex Tuch.
0:10 of 3rd period - Shot Misses the Net.
0:12 of 3rd period - Snap shot by Scott Harrington.
0:12 of 3rd period - Stopped by Darcy Kuemper without a rebound.
0:13 of 3rd period - David Krejci wins face-off versus Evgeny Kuznetsov in Washington Capitals zone.
0:16 of 3rd period - Snap shot by David Krejci.
0:16 of 3rd period - Shot Misses the Net.
0:40 of 3rd period - Sebastian C Aho is hit by Dylan Strome and loses puck.
1:02 of 3rd period - Scott Harrington is hit by John Carlson and loses puck.
1:37 of 3rd period - Snap shot by Dylan Strome.
1:37 of 3rd period - Stopped by Antti Raanta with a rebound.
1:39 of 3rd period - Snap shot by T.J. Oshie.
1:39 of 3rd period - Shot Misses the Net.
1:41 of 3rd period - Wrist shot by Dylan Strome.
1:41 of 3rd period - Shot Hit the Post.
1:43 of 3rd period - Snap shot by Evgenii Dadonov.
1:43 of 3rd period - Shot Misses the Net.
1:45 of 3rd period - Snap shot by Evgenii Dadonov.
1:45 of 3rd period - Stopped by Antti Raanta without a rebound.
1:46 of 3rd period - Evgeny Kuznetsov wins face-off versus Martin Necas in Carolina Hurricanes zone.
1:50 of 3rd period - Minor Penalty to David Krejci for Tripping.
1:51 of 3rd period - Dylan Strome wins face-off versus Stefan Noesen in Carolina Hurricanes zone.
1:51 of 3rd period - Slapshot by Alex Ovechkin.
1:51 of 3rd period - Stopped by Antti Raanta without a rebound.
1:52 of 3rd period - Stefan Noesen wins face-off versus Dylan Strome in Carolina Hurricanes zone.
3:38 of 3rd period - Evgeny Kuznetsov is hit by Jordan Martinook and loses puck.
3:50 of 3rd period - Penalty to David Krejci is over, David Krejci is back on ice.
4:07 of 3rd period - Snap shot by Tom Wilson.
4:07 of 3rd period - Shot Misses the Net.
4:09 of 3rd period - Wrist shot by Rasmus Sandin.
4:09 of 3rd period - Deflect By David Krejci.
4:09 of 3rd period - Stopped by Antti Raanta without a rebound.
4:10 of 3rd period - David Krejci wins face-off versus Nicklas Backstrom in Carolina Hurricanes zone.
4:19 of 3rd period - Snap shot by Anthony Mantha.
4:19 of 3rd period - Shot Misses the Net.
4:37 of 3rd period - Nic Dowd is hit by Eeli Tolvanen and loses puck.
4:58 of 3rd period - Sebastian C Aho is hit by Alex Ovechkin and loses puck.
5:15 of 3rd period - Slapshot by Sebastian C Aho.
5:15 of 3rd period - Shot Misses the Net.
5:17 of 3rd period - Slapshot by Scott Harrington.
5:17 of 3rd period - Shot Blocked by Olli Maatta.
5:19 of 3rd period - Snap shot by Stefan Noesen.
5:19 of 3rd period - Stopped by Darcy Kuemper with a rebound.
5:21 of 3rd period - Wrist shot by Kevin Shattenkirk.
5:21 of 3rd period - Stopped by Darcy Kuemper without a rebound.
5:22 of 3rd period - David Krejci wins face-off versus Evgeny Kuznetsov in Washington Capitals zone.
5:49 of 3rd period - Sebastian C Aho is hit by Rasmus Sandin and loses puck.
6:33 of 3rd period - Wrist shot by Andrei Svechnikov.
6:33 of 3rd period - Shot Misses the Net.
6:38 of 3rd period - Wrist shot by Sebastian C Aho.
6:38 of 3rd period - Stopped by Darcy Kuemper without a rebound.
6:39 of 3rd period - Evgeny Kuznetsov wins face-off versus David Krejci in Washington Capitals zone.
7:06 of 3rd period - Dmitry Orlov is hit by Nicklas Backstrom and loses puck.
7:48 of 3rd period - Off-side.
7:49 of 3rd period - Derek Grant wins face-off versus David Krejci in neutral zone.
7:52 of 3rd period - David Krejci is hit by Joel Edmundson and loses puck.
8:15 of 3rd period - Slapshot by Rasmus Sandin.
8:15 of 3rd period - Stopped by Antti Raanta without a rebound.
8:16 of 3rd period - Sebastian C Aho wins face-off versus Vladimir Tarasenko in Carolina Hurricanes zone.
8:39 of 3rd period - Snap shot by Sebastian C Aho.
8:39 of 3rd period - Shot Blocked by John Carlson.
8:41 of 3rd period - Wrist shot by Alex Tuch.
8:41 of 3rd period - Shot Misses the Net.
8:43 of 3rd period - Wrist shot by Andrei Svechnikov.
8:43 of 3rd period - Stopped by Darcy Kuemper without a rebound.
8:44 of 3rd period - David Krejci wins face-off versus Nicklas Backstrom in Washington Capitals zone.
8:45 of 3rd period - Snap shot by Martin Necas.
8:45 of 3rd period - Stopped by Darcy Kuemper without a rebound.
8:46 of 3rd period - David Krejci wins face-off versus Nicklas Backstrom in Washington Capitals zone.
9:17 of 3rd period - Dmitry Orlov is hit by Olli Maatta and loses puck.
9:40 of 3rd period - Wrist shot by Jesperi Kotkaniemi.
9:40 of 3rd period - Shot Misses the Net.
9:42 of 3rd period - Snap shot by Dmitry Orlov.
9:42 of 3rd period - Deflect By Joel Edmundson.
9:42 of 3rd period - Stopped by Darcy Kuemper without a rebound.
9:43 of 3rd period - Dylan Strome wins face-off versus Teuvo Teravainen in Washington Capitals zone.
9:51 of 3rd period - Rasmus Sandin is hit by Brent Burns and loses puck.
9:54 of 3rd period - Slapshot by Joel Edmundson.
9:54 of 3rd period - Shot Misses the Net.
9:56 of 3rd period - Slapshot by Rasmus Sandin.
9:56 of 3rd period - Deflect By Martin Necas.
9:56 of 3rd period - Stopped by Antti Raanta with a rebound.
9:58 of 3rd period - Slapshot by Evgenii Dadonov.
9:58 of 3rd period - Stopped by Antti Raanta without a rebound.
9:59 of 3rd period - Sebastian C Aho wins face-off versus Evgeny Kuznetsov in Carolina Hurricanes zone.
9:59 of 3rd period - Sebastian C Aho is hit by Alex Ovechkin.
10:25 of 3rd period - Teuvo Teravainen is hit by Anthony Mantha and loses puck.
11:14 of 3rd period - Wrist shot by Stefan Noesen.
11:14 of 3rd period - Stopped by Darcy Kuemper with a rebound.
11:18 of 3rd period - Wrist shot by Stefan Noesen.
11:18 of 3rd period - Shot Blocked by Rasmus Sandin.
11:25 of 3rd period - Icing by Rasmus Sandin.
11:26 of 3rd period - Evgeny Kuznetsov wins face-off versus Sebastian C Aho in Washington Capitals zone.
11:26 of 3rd period - Evgeny Kuznetsov is hit by Will Borgen.
11:51 of 3rd period - Off-side.
11:52 of 3rd period - David Krejci wins face-off versus Dylan Strome in neutral zone.
12:03 of 3rd period - Snap shot by Martin Necas.
12:03 of 3rd period - Shot Blocked by Nick Jensen.
12:09 of 3rd period - Slapshot by John Carlson.
12:09 of 3rd period - Shot Misses the Net.
13:31 of 3rd period - Marc Staal is hit by Seth Jarvis and loses puck.
13:48 of 3rd period - Wrist shot by Stefan Noesen.
13:48 of 3rd period - Shot Misses the Net.
13:50 of 3rd period - Slapshot by Brady Skjei.
13:50 of 3rd period - Shot Misses the Net.
13:54 of 3rd period - Wrist shot by Stefan Noesen.
13:54 of 3rd period - Shot Misses the Net.
13:56 of 3rd period - Snap shot by Brent Burns.
13:56 of 3rd period - Stopped by Darcy Kuemper with a rebound.
14:06 of 3rd period - Wrist shot by Sonny Milano.
14:06 of 3rd period - Shot Misses the Net.
16:15 of 3rd period - Slapshot by Alex Tuch.
16:15 of 3rd period - Stopped by Darcy Kuemper with a rebound.
16:31 of 3rd period - Snap shot by Jesperi Kotkaniemi.
16:31 of 3rd period - Shot Blocked by Evgenii Dadonov.
16:56 of 3rd period - Nick Jensen is hit by Martin Necas and loses puck.
17:19 of 3rd period - Jordan Staal is hit by Alex Ovechkin and loses puck.
17:32 of 3rd period - John Carlson is hit by Teuvo Teravainen and loses puck.
17:54 of 3rd period - T.J. Oshie is hit by Dmitry Orlov and loses puck.
18:11 of 3rd period - Snap shot by Nicklas Backstrom.
18:11 of 3rd period - Stopped by Antti Raanta with a rebound.
18:17 of 3rd period - Nicklas Backstrom is hit by Kevin Shattenkirk and loses puck.
19:00 of 3rd period - Washington Capitals, Darcy Kuemper is pulled from the net.
19:06 of 3rd period - Snap shot by Dylan Strome.
19:06 of 3rd period - Stopped by Antti Raanta without a rebound.
19:07 of 3rd period - Artyom Maslov call a timeout for Washington Capitals.
19:07 of 3rd period - Sebastian C Aho wins face-off versus Dylan Strome in Carolina Hurricanes zone.
19:12 of 3rd period - Wrist shot by Alex Ovechkin.
19:12 of 3rd period - Stopped by Antti Raanta without a rebound.
19:13 of 3rd period - Dylan Strome wins face-off versus Sebastian C Aho in Carolina Hurricanes zone.
19:30 of 3rd period - Vladimir Tarasenko is hit by Sebastian C Aho and loses puck.
Goals for this period are 0 for Washington Capitals vs 0 for Carolina Hurricanes.
Shots for this period are 10 for Washington Capitals vs 10 for Carolina Hurricanes.